 Dungeon Crawl Stone Soup version 0.19.0-1-g5985abe (webtiles) character file.

4910 varam the Cruncher (level 10, -4/66 HPs)
             Began as a Gargoyle Gladiator on Nov 2, 2016.
             Was an Elder of Trog.
             Slain by a flying skull (10 damage)
             ... on level 8 of the Dungeon.
             The game lasted 00:17:55 (9429 turns).

varam the Cruncher (Gargoyle Gladiator)             Turns: 9429, Time: 00:17:55

Health: -4/66      AC: 14    Str: 19    XL:     10   Next: 51%
Magic:  10/10      EV: 13    Int: 12    God:    Trog [****..]
Gold:   483        SH:  0    Dex: 13    Spells: 0 memorised, 9 levels left

rFire  . . .     SeeInvis .     a - +0 quarterstaff
rCold  . . .     Gourm    .     K - +1 leather armour {MR+}
rNeg   + . .     Faith    .     (shield currently unavailable)
rPois  ∞         Spirit   .     c - +0 helmet
rElec  +         Reflect  .     (no cloak)
rCorr  .         Harm     .     H - +0 pair of gloves
MR     +....                    (no boots)
Stlth  +.........               (no amulet)
                                (no ring)
                                l - +3 ring of intelligence

@: exhausted, slowed, very slow
A: negative energy resistance 1, electricity resistance, unbreathing,
petrification resistance, rot immunity, AC +7
a: Berserk, Trog's Hand, Brothers in Arms, Burn Spellbooks, Renounce Religion


You were on level 8 of the Dungeon.
You worshipped Trog.
Trog was greatly pleased with you.
You were near starving.

You visited 1 branch of the dungeon, and saw 9 of its levels.

You collected 483 gold pieces.

Inventory:

Hand Weapons
 a - a +0 quarterstaff (weapon)
Missiles
 d - 3 throwing nets (quivered)
Armour
 c - a +0 helmet (worn)
 H - a +0 pair of gloves (worn)
 K - a +1 leather armour of magic resistance (worn)
Jewellery
 l - a +3 ring of intelligence (left hand)
Wands
 g - a wand of polymorph (11/24)
 v - a wand of acid (8/15)
 x - a wand of disintegration (13/24)
Scrolls
 b - a scroll of torment {unknown}
 n - 2 scrolls of enchant weapon
 o - 2 scrolls of fear
 p - a scroll of recharging {unknown}
 q - 5 scrolls of remove curse
 r - 2 scrolls of teleportation
 s - 3 scrolls of identify
 t - a scroll of enchant armour {unknown}
 u - 3 scrolls of blinking {unknown}
 w - 4 scrolls of magic mapping
 y - a scroll of fog {unknown}
 F - 2 scrolls of noise {unknown}
Potions
 e - 3 potions of curing
 j - a potion of magic {unknown}
 z - a potion of mutation {unknown}
 A - 3 potions of brilliance
 D - 2 potions of might
 E - 2 potions of agility {unknown}
 G - 2 potions of lignification {unknown}
 J - a potion of invisibility {unknown}
Comestibles
 f - 8 bread rations
 h - 6 fruits
 i - 2 beef jerkies
 B - 4 meat rations


   Skills:
 + Level 9.0 Fighting
 + Level 11.2 Staves
 - Level 1.7 Throwing
 - Level 6.0 Armour
 - Level 4.0 Dodging


You had 9 spell levels left.
You didn't know any spells.

Dungeon Overview and Level Annotations

Branches:
Dungeon (9/15)             Temple (0/1) D:5
   Lair: D:8-11         Orc: D:9-12

Altars:
Dithmenos
Elyvilon
Kikubaaqudgha
Okawaru
Ru
Trog
Xom
Yredelemnul


Innate Abilities, Weirdness & Mutations

You are resistant to torment.
Your stone body is resilient. (AC +7)
You are immune to poison.
You resist negative energy. (rN+)
You are resistant to electric shocks. (rElec)
You can survive without breathing.
You are immune to petrification.
You are immune to rotting.


Message History

The flying skull hits you. The flying skull barely misses you.
The flying skull misses you.
The flying skull hits you but does no damage.
The flying skull misses you.
There is a stone staircase leading up here.
The flying skull hits you.
* * * LOW HITPOINT WARNING * * *
The flying skull hits you!
* * * LOW HITPOINT WARNING * * *
The flying skull misses you.
The flying skull hits you but does no damage.
The flying skull misses you.
You climb upwards.
There is a stone staircase leading down here.
You hit the flying skull but do no damage.
The flying skull is almost destroyed.
The flying skull barely misses you. The flying skull hits you.
* * * LOW HITPOINT WARNING * * *
The flying skull hits you!
You die...

.........#≈♣.♣≈#
.......)##≈≈≈≈≈#
........########
.[[.<...# #....#
....(...# ####.#####
........# ##.......##
..[.....###.........##
........##...........#
........##.....z@z...#
...................[.#
.......####.........##
#.....## ##...#...##
####### ######### # #


You could see 2 flying skulls.

Vanquished Creatures
  The ghost of no0bjke the Shield-Bearer, a novice GrFi (D:7)
  A flying skull (D:9)
  A wyvern (D:8)
  2 hungry ghosts
  3 sky beasts
  4 orc warriors
  A phantom (D:8)
  3 ice beasts
  A necrophage (D:5)
  2 ogres
  4 centaurs
  5 bullfrogs
  A water moccasin zombie (D:8)
  2 scorpions
  5 killer bees (D:4)
  A vampire bat (D:4)
  A howler monkey (D:5)
  5 wights
  2 crimson imps
  2 quasits
  A bullfrog zombie (D:5)
  A centaur skeleton (D:8)
  5 hounds
  13 orc wizards
  4 orc priests
  2 bullfrog skeletons
  A jelly (D:5)
  Natasha (thrice) (D:2)
  4 worker ants
  A hound zombie (D:8)
  A hound skeleton (D:6)
  3 adders
  4 oozes
  An adder skeleton (D:9)
  4 worms
  2 dart slugs
  11 leopard geckos
  32 orcs
  2 bat skeletons (D:4)
  5 bat zombies (D:4)
  10 giant cockroaches
  4 hobgoblins
  4 jackals
  15 kobolds
  4 quokkas
  7 bats
  6 frilled lizards
  8 goblins
  A jackal skeleton (D:4)
  A leopard gecko skeleton (D:9)
  A quokka skeleton (D:6)
  10 rats
218 creatures vanquished.

Notes
Turn   | Place    | Note
-------+----------+-------------------------------------------
     0 | D:1      | varam the Gargoyle Gladiator began the quest for the Orb.
     0 | D:1      | Reached XP level 1. HP: 12/12 MP: 1/1
   222 | D:1      | Reached XP level 2. HP: 15/17 MP: 2/2
   307 | D:1      | Reached skill level 4 in Staves
   533 | D:1      | Reached XP level 3. HP: 21/21 MP: 3/3
  1365 | D:2      | Noticed Natasha
  1372 | D:2      | Killed Natasha
  1372 | D:2      | Reached skill level 5 in Staves
  1372 | D:2      | Reached XP level 4. HP: 21/26 MP: 4/4
  1514 | D:2      | Noticed Natasha
  1527 | D:2      | Killed Natasha
  1698 | D:2      | Found a bloodstained altar of Trog.
  1732 | D:2      | Became a worshipper of Trog the Wrathful
  1832 | D:2      | Noticed Natasha
  1863 | D:2      | Killed Natasha
  1863 | D:2      | Reached XP level 5. HP: 30/30 MP: 5/5
  2652 | D:3      | Reached skill level 6 in Staves
  2827 | D:3      | Reached * piety under Trog
  3141 | D:4      | Reached XP level 6. HP: 20/35 MP: 6/6
  3505 | D:4      | Reached skill level 7 in Staves
  3535 | D:4      | Found an ancient bone altar of Kikubaaqudgha.
  3664 | D:4      | Found a white marble altar of Elyvilon.
  3809 | D:4      | Reached XP level 7. HP: 40/40 MP: 7/7
  3821 | D:4      | Reached skill level 8 in Staves
  3856 | D:4      | Reached ** piety under Trog
  4173 | D:4      | Reached skill level 9 in Staves
  4429 | D:4      | Reached skill level 1 in Armour
  4686 | D:4      | Reached skill level 2 in Armour
  4686 | D:4      | Reached XP level 8. HP: 40/44 MP: 8/8
  4699 | D:4      | Found a basalt altar of Yredelemnul.
  4776 | D:5      | Entered Level 5 of the Dungeon
  4813 | D:5      | Found a staircase to the Ecumenical Temple.
  4918 | D:5      | Reached skill level 3 in Armour
  4996 | D:5      | Reached skill level 4 in Armour
  5010 | D:5      | Found a shadowy altar of Dithmenos.
  5397 | D:5      | Reached skill level 3 in Dodging
  5810 | D:5      | Reached skill level 4 in Dodging
  6029 | D:6      | Reached skill level 3 in Fighting
  6029 | D:6      | Reached skill level 5 in Armour
  6058 | D:5      | Reached *** piety under Trog
  6283 | D:6      | Reached skill level 4 in Fighting
  6283 | D:6      | Reached XP level 9. HP: 47/52 MP: 9/9
  6421 | D:5      | Reached skill level 6 in Armour
  6562 | D:6      | Reached skill level 5 in Fighting
  6790 | D:6      | Found a shadowy altar of Dithmenos.
  6878 | D:6      | Found an iron altar of Okawaru.
  6878 | D:6      | Found a faded altar of an unknown god.
  6883 | D:6      | Found a faded altar of an unknown god.
  6885 | D:6      | Found a faded altar of an unknown god.
  6886 | D:6      | Found a faded altar of an unknown god.
  6946 | D:6      | Found a shimmering altar of Xom.
  7199 | D:7      | Reached skill level 6 in Fighting
  7621 | D:7      | Noticed no0bjke's ghost (novice GrFi)
  7640 | D:7      | Killed no0bjke's ghost
  7640 | D:7      | Reached skill level 7 in Fighting
  7640 | D:7      | Reached skill level 10 in Staves
  7684 | D:7      | Reached XP level 10. HP: 63/63 MP: 10/10
  8496 | D:8      | Reached skill level 8 in Fighting
  8697 | D:8      | Reached skill level 11 in Staves
  8701 | D:8      | Reached **** piety under Trog
  9320 | D:8      | Found a sacrificial altar of Ru.
  9404 | D:9      | Reached skill level 9 in Fighting
  9412 | D:9      | Noticed a skeletal warrior
  9417 | D:9      | Noticed a necromancer
  9427 | D:9      | HP: 6/66 [flying skull (9)]
  9429 | D:8      | Slain by a flying skull

Skill      XL: |  1  2  3  4  5  6  7  8  9 10 |
---------------+-------------------------------+-----
Staves         | 4 5 6 7 9 10 11 | 11.2
Armour         | 2 5 6 |  6.0
Dodging        | 4 |  4.0
Fighting       | 4 7 9 |  9.0
Throwing       | |  1.7

Action                   |  1- 3 |  4- 6 |  7- 9 | 10-12 || total
-------------------------+-------+-------+-------+-------++-------
Melee: Quarterstaff      |    99 |   208 |   412 |   204 ||   923
Invok: Berserk           |       |     1 |     8 |     4 ||    13
       Trog's Hand       |       |       |     1 |       ||     1
       Burn Spellbooks   |       |       |       |     1 ||     1
  Use: Potion            |       |       |     2 |       ||     2
       Scroll            |       |       |     4 |     7 ||    11
  Eat: Chunk             |     2 |     7 |    16 |     7 ||    32
       Pizza             |       |       |     1 |     1 ||     2
       Bread ration      |       |       |     1 |       ||     1
Armor: Leather armour    |    39 |    82 |       |    45 ||   166
       Skin              |       |    10 |       |       ||    10
       Ring mail         |       |    65 |   162 |    53 ||   280
Dodge: Dodged            |    89 |   188 |   243 |   119 ||   639
